| TOP OF THE 1ST |
|
Binghamton Mets batting - Pitching for Dayton Dragons : LHP Suk-jin Sok
|
|
Pitching: LHP Suk-jin Sok
|
|
|
Batting: RHB Oscar Bravo
|
0-0: Ball 1-0: Foul Ball, location: 2F 1-1: Swinging Strike 1-2: Strikes out swinging
|
|
Batting: RHB Jack Nickleberry
|
0-0: Ball 1-0: Foul Ball, location: 2F 1-1: Ground out 6-3 (Groundball, 6, EV 86.2 MPH)
|
|
Batting: RHB Jose Lara
|
0-0: Fly out, F8 (Flyball, 8RM, EV 78.1 MPH)
|
| Top of the 1st over - 0 runs, 0 hits, 0 errors, 0 left on base; Binghamton 0 - Dayton 0 |
| BOTTOM OF THE 1ST |
|
Dayton Dragons batting - Pitching for Binghamton Mets : RHP Francis Cornick
|
|
Pitching: RHP Francis Cornick
|
|
|
Batting: RHB Danny Real
|
0-0: Ball 1-0: Called Strike 1-1: Fly out, F8 (Line Drive, 8RM, EV 93.8 MPH)
|
|
Batting: RHB Randy Grewe
|
0-0: Foul Ball, location: 2F 0-1: Ground out 5-3 (Groundball, 56, EV 103.1 MPH)
|
|
Batting: RHB Mark Williams
|
0-0: Ball 1-0: Ball 2-0: Called Strike 2-1: SINGLE (Flyball, 5D, EV 91.9 MPH)
|
|
Batting: SHB Tim Utz
|
0-0: Called Strike 0-1: Foul Ball, location: 2F 0-2: Ball 1-2: Ground out 6-3 (Groundball, 6S, EV 69.4 MPH)
|
| Bottom of the 1st over - 0 runs, 1 hit, 0 errors, 1 left on base; Binghamton 0 - Dayton 0 |
| TOP OF THE 2ND |
|
Binghamton Mets batting - Pitching for Dayton Dragons : LHP Suk-jin Sok
|
|
Batting: SHB Masatoshi Akahoshi
|
0-0: Fly out, F8 (Flyball, 8RD, EV 81.9 MPH)
|
|
Batting: RHB Chris Artz
|
0-0: Foul Ball, location: 2F 0-1: Foul Ball, location: 2F 0-2: Foul Ball, location: 2F 0-2: Foul Ball, location: 2F 0-2: Ball 1-2: Ball 2-2: Strikes out looking
|
|
Batting: SHB Alex Cavazos
|
0-0: Called Strike 0-1: Ball 1-1: Ball 2-1: Swinging Strike 2-2: Foul Ball, location: 2F 2-2: SINGLE (Line Drive, 5D, EV 105.6 MPH)
|
|
Batting: SHB Jerry Burrows
|
0-0: Called Strike 0-1: Foul Ball, location: 2F 0-2: DOUBLE (Line Drive, 9LS, EV 114.4 MPH) Alex Cavazos to third Runner from 3rd tries for Home, SAFE, throw by RF to trailing runner, SAFE at third!
|
|
Batting: SHB Keith Casner
|
0-0: Called Strike 0-1: Ball 1-1: Foul Ball, location: 2F 1-2: Ground out 5-3 (Groundball, 56, EV 86.9 MPH)
|
| Top of the 2nd over - 1 run, 2 hits, 0 errors, 1 left on base; Binghamton 1 - Dayton 0 |
| BOTTOM OF THE 2ND |
|
Dayton Dragons batting - Pitching for Binghamton Mets : RHP Francis Cornick
|
|
Batting: LHB Fernando Gomez
|
0-0: Ball 1-0: Ground out U3 (Groundball, 34, EV 83.8 MPH)
|
|
Batting: RHB Frank Moron
|
0-0: Called Strike 0-1: Swinging Strike 0-2: Ball 1-2: Fly out, F8 (Flyball, 8RD, EV 103.8 MPH)
|
|
Batting: RHB Kevin Larner
|
0-0: Ball 1-0: Ball 2-0: Called Strike 2-1: SINGLE (Line Drive, 9S, EV 103.8 MPH)
|
|
Batting: RHB R.J. Romberg
|
0-0: SINGLE (Groundball, 6D, EV 98.1 MPH) Kevin Larner to second Runner from 2nd tries for 3rd, OUT! 8-5
|
| Bottom of the 2nd over - 0 runs, 2 hits, 0 errors, 1 left on base; Binghamton 1 - Dayton 0 |
| TOP OF THE 3RD |
|
Binghamton Mets batting - Pitching for Dayton Dragons : LHP Suk-jin Sok
|
|
Batting: RHB Jim Freels
|
0-0: Ground out 6-3 (Groundball, 6, EV 95.0 MPH)
|
|
Batting: RHB Oscar Bravo
|
0-0: Ball 1-0: Called Strike 1-1: Swinging Strike 1-2: Strikes out swinging
|
|
Batting: RHB Jack Nickleberry
|
0-0: Ground out 4-3 (Groundball, 4S, EV 75.0 MPH)
|
| Top of the 3rd over - 0 runs, 0 hits, 0 errors, 0 left on base; Binghamton 1 - Dayton 0 |
| BOTTOM OF THE 3RD |
|
Dayton Dragons batting - Pitching for Binghamton Mets : RHP Francis Cornick
|
|
Batting: RHB Cyd Carver
|
0-0: Swinging Strike 0-1: Ball 1-1: Foul Ball, location: 2F 1-2: Ball 2-2: Ground out 4-3 (Groundball, 34, EV 103.8 MPH)
|
|
Batting: RHB Danny Real
|
0-0: Ball 1-0: Ball 2-0: Ground out 5-3 (Groundball, 56, EV 88.1 MPH)
|
|
Batting: RHB Randy Grewe
|
0-0: Foul Ball, location: 2F 0-1: Fly out, F5 (Line Drive, 5, EV 67.5 MPH)
|
| Bottom of the 3rd over - 0 runs, 0 hits, 0 errors, 0 left on base; Binghamton 1 - Dayton 0 |
| TOP OF THE 4TH |
|
Binghamton Mets batting - Pitching for Dayton Dragons : LHP Suk-jin Sok
|
|
Batting: RHB Jose Lara
|
0-0: Called Strike 0-1: Ball 1-1: Called Strike 1-2: Foul Ball, location: 2F 1-2: Foul Ball, location: 2F 1-2: Ground out 1-3 (Groundball, 34S, EV 74.4 MPH)
|
|
Batting: SHB Masatoshi Akahoshi
|
0-0: Ground out 2-3 (Groundball, 2R, EV 65.0 MPH)
|
|
Batting: RHB Chris Artz
|
0-0: Called Strike 0-1: Foul Ball, location: 2F 0-2: Ground out 6-3 (Groundball, 6, EV 86.2 MPH)
|
| Top of the 4th over - 0 runs, 0 hits, 0 errors, 0 left on base; Binghamton 1 - Dayton 0 |
| BOTTOM OF THE 4TH |
|
Dayton Dragons batting - Pitching for Binghamton Mets : RHP Francis Cornick
|
|
Batting: RHB Mark Williams
|
0-0: Foul Ball, location: 2F 0-1: Called Strike 0-2: Ball 1-2: SINGLE (Line Drive, 4D, EV 105.6 MPH)
|
|
Batting: SHB Tim Utz
|
0-0: Called Strike 0-1: Called Strike 0-2: Strikes out swinging
|
|
Batting: LHB Fernando Gomez
|
0-0: Called Strike Mark Williams steals 2nd base 0-1: Ball 1-1: Ball 2-1: Ball 3-1: Foul Ball, location: 2F 3-2: SINGLE (Line Drive, 7S, EV 100.0 MPH) Mark Williams to third Runner from 3rd tries for Home, SAFE, throw by LF to home
|
|
Batting: RHB Frank Moron
|
0-0: Grounds into double play, 6-4-3 (Groundball, 6, EV 110.0 MPH)
|
| Bottom of the 4th over - 1 run, 2 hits, 0 errors, 0 left on base; Binghamton 1 - Dayton 1 |
| TOP OF THE 5TH |
|
Binghamton Mets batting - Pitching for Dayton Dragons : LHP Suk-jin Sok
|
|
Batting: SHB Alex Cavazos
|
0-0: Called Strike 0-1: Ball 1-1: Ball 2-1: Ball 3-1: Foul Ball, location: 2F 3-2: Foul Ball, location: 2F 3-2: Ground out 5-3 (Groundball, 5, EV 80.0 MPH)
|
|
Batting: SHB Jerry Burrows
|
0-0: Called Strike 0-1: DOUBLE (Flyball, 78D, EV 101.9 MPH)
|
|
Batting: SHB Keith Casner
|
0-0: Foul Ball, location: 2F 0-1: Fly out, F8 (Flyball, 8LD, EV 101.2 MPH)
|
|
Batting: RHB Jim Freels
|
0-0: Ball 1-0: Called Strike 1-1: Ground out 6-3 (Groundball, 6MS, EV 82.5 MPH)
|
| Top of the 5th over - 0 runs, 1 hit, 0 errors, 1 left on base; Binghamton 1 - Dayton 1 |
| BOTTOM OF THE 5TH |
|
Dayton Dragons batting - Pitching for Binghamton Mets : RHP Francis Cornick
|
|
Batting: RHB Kevin Larner
|
0-0: Called Strike 0-1: SINGLE (Flyball, 6D, EV 92.5 MPH)
|
|
Batting: RHB R.J. Romberg
|
0-0: Swinging Strike 0-1: Ball 1-1: 2-RUN HOME RUN (Flyball, 7LD, EV 91.2 MPH), Distance : 331 ft
|
|
Batting: RHB Cyd Carver
|
0-0: Ground out 5-3 (Groundball, 5, EV 106.9 MPH)
|
|
Batting: RHB Danny Real
|
0-0: Ball 1-0: Called Strike 1-1: Reached on error, E6 (Groundball, 56, EV 90.6 MPH)
|
|
Batting: RHB Randy Grewe
|
0-0: Ball 1-0: Foul Ball, location: 2F 1-1: Foul Ball, location: 2F 1-2: Ground out 6-3 (Groundball, 6, EV 78.1 MPH) Danny Real to third
|
|
Batting: RHB Mark Williams
|
0-0: Ground out 6-3 (Groundball, 6, EV 86.2 MPH)
|
| Bottom of the 5th over - 2 runs, 2 hits, 1 error, 1 left on base; Binghamton 1 - Dayton 3 |
| TOP OF THE 6TH |
|
Binghamton Mets batting - Pitching for Dayton Dragons : LHP Suk-jin Sok
|
|
Batting: RHB Oscar Bravo
|
0-0: Swinging Strike 0-1: Ball 1-1: Ball 2-1: Ball 3-1: Called Strike 3-2: Strikes out swinging
|
|
Batting: RHB Jack Nickleberry
|
0-0: Ball 1-0: SINGLE (Groundball, 6MD, EV 107.5 MPH)
|
|
Batting: RHB Jose Lara
|
0-0: Ball 1-0: Called Strike Jack Nickleberry steals 2nd base 1-1: Ball 2-1: Foul Ball, location: 2F 2-2: Ground out 6-3 (Groundball, 6, EV 83.8 MPH) Jack Nickleberry to third
|
|
Batting: SHB Masatoshi Akahoshi
|
0-0: Ball 1-0: Foul Ball, location: 2F 1-1: Foul Ball, location: 2F 1-2: Strikes out swinging
|
| Top of the 6th over - 0 runs, 1 hit, 0 errors, 1 left on base; Binghamton 1 - Dayton 3 |
| BOTTOM OF THE 6TH |
|
Dayton Dragons batting - Pitching for Binghamton Mets : RHP Francis Cornick
|
|
Batting: SHB Tim Utz
|
0-0: Ball 1-0: Foul Ball, location: 2F 1-1: Ball 2-1: Foul Ball, location: 2F 2-2: Ground out 5-3 (Groundball, 5L, EV 98.1 MPH)
|
|
Batting: LHB Fernando Gomez
|
0-0: Swinging Strike 0-1: Ball 1-1: Ground out 4-3 (Groundball, 4, EV 109.4 MPH)
|
|
Batting: RHB Frank Moron
|
0-0: Ball 1-0: Called Strike 1-1: Called Strike 1-2: Ground out 6-3 (Groundball, 6D, EV 84.4 MPH)
|
| Bottom of the 6th over - 0 runs, 0 hits, 0 errors, 0 left on base; Binghamton 1 - Dayton 3 |
| TOP OF THE 7TH |
|
Binghamton Mets batting - Pitching for Dayton Dragons : LHP Suk-jin Sok
|
|
Batting: RHB Chris Artz
|
0-0: Ball 1-0: Ball 2-0: Ball 3-0: Called Strike 3-1: Foul Ball, location: 2F 3-2: Hit by Pitch
|
|
Batting: SHB Alex Cavazos
|
0-0: Ball 1-0: Swinging Strike 1-1: Ball 2-1: Called Strike 2-2: SINGLE (Groundball, 34, EV 100.6 MPH) Chris Artz to second Runner from 2nd tries for 3rd, SAFE, throw by RF made to third
|
|
Batting: SHB Jerry Burrows
|
0-0: Called Strike 0-1: Fly out, F5 (Popup, 5DF, EV 43.8 MPH)
|
|
Batting: SHB Keith Casner
|
0-0: Ball 1-0: Ball 2-0: Ball 3-0: Called Strike 3-1: Base on Balls Alex Cavazos to second
|
|
Batting: RHB Jim Freels
|
0-0: Ball 1-0: Ball 2-0: Fly out, F8 (Line Drive, 8RS, EV 97.5 MPH)
|
|
Batting: RHB Oscar Bravo
|
0-0: Called Strike 0-1: Ball 1-1: Ball 2-1: Fly out, F8 (Flyball, 8LS, EV 91.2 MPH)
|
| Top of the 7th over - 0 runs, 1 hit, 0 errors, 3 left on base; Binghamton 1 - Dayton 3 |
| BOTTOM OF THE 7TH |
|
Dayton Dragons batting - Pitching for Binghamton Mets : RHP Francis Cornick
|
|
Batting: RHB Kevin Larner
|
0-0: Ball 1-0: Fly out, F9 (Flyball, 9LS, EV 91.9 MPH)
|
|
Pitching: RHP Jean-Pierre Carpentier
|
|
|
Batting: RHB R.J. Romberg
|
0-0: Called Strike 0-1: Foul Ball, location: 2F 0-2: Strikes out looking
|
|
Batting: RHB Cyd Carver
|
0-0: Called Strike 0-1: Swinging Strike 0-2: Ball 1-2: Strikes out swinging
|
| Bottom of the 7th over - 0 runs, 0 hits, 0 errors, 0 left on base; Binghamton 1 - Dayton 3 |
| TOP OF THE 8TH |
|
Binghamton Mets batting - Pitching for Dayton Dragons : LHP Suk-jin Sok
|
|
Pitching: RHP Juan Hernandez
|
|
|
Now at 2B: Yasusaburo Kuwahara
|
|
|
Now at SS: Juan Zamora
|
|
|
Batting: RHB Jack Nickleberry
|
0-0: Called Strike 0-1: Ball 1-1: Swinging Strike 1-2: Strikes out swinging, 2-3 out at first.
|
|
Batting: RHB Jose Lara
|
0-0: Foul Ball, location: 2F 0-1: Ball 1-1: Ball 2-1: Ground out 6-3 (Groundball, 6, EV 96.9 MPH)
|
|
Batting: SHB Masatoshi Akahoshi
|
0-0: Called Strike 0-1: Ground out 6-3 (Groundball, 6S, EV 91.9 MPH)
|
| Top of the 8th over - 0 runs, 0 hits, 0 errors, 0 left on base; Binghamton 1 - Dayton 3 |
| BOTTOM OF THE 8TH |
|
Dayton Dragons batting - Pitching for Binghamton Mets : RHP Jean-Pierre Carpentier
|
|
Batting: RHB Danny Real
|
0-0: Ball 1-0: Ball 2-0: Ball 3-0: Called Strike 3-1: Foul Ball, location: 2F 3-2: Ground out 5-3 (Groundball, 56S, EV 85.0 MPH)
|
|
Batting: RHB Randy Grewe
|
0-0: Foul Ball, location: 2F 0-1: Ball 1-1: Swinging Strike 1-2: SINGLE (Flyball, 7S, EV 91.2 MPH)
|
|
Batting: RHB Mark Williams
|
0-0: Ball Randy Grewe steals 2nd base 1-0: Foul Ball, location: 2F 1-1: Called Strike 1-2: Hit by Pitch
|
|
Pinch Runner at 1st Jonathan Davis:
|
|
|
Batting: SHB Tim Utz
|
0-0: Called Strike 0-1: Ball 1-1: Swinging Strike 1-2: Strikes out swinging
|
|
Batting: RHB Juan Zamora
|
0-0: Ball 1-0: Called Strike 1-1: Called Strike 1-2: Foul Ball, location: 2F 1-2: Ball 2-2: Foul Ball, location: 2F 2-2: Ball 3-2: Ground out 4-3 (Groundball, 4, EV 88.8 MPH)
|
| Bottom of the 8th over - 0 runs, 1 hit, 0 errors, 2 left on base; Binghamton 1 - Dayton 3 |
| TOP OF THE 9TH |
|
Binghamton Mets batting - Pitching for Dayton Dragons : RHP Juan Hernandez
|
|
Pitching: RHP Giovonni Morgia
|
|
|
Now in LF: Jonathan Davis
|
|
|
Batting: RHB Chris Artz
|
0-0: Called Strike 0-1: Ball 1-1: Foul Ball, location: 2F 1-2: Strikes out swinging
|
|
Batting: SHB Alex Cavazos
|
0-0: Foul Ball, location: 2F 0-1: Fly out, F7 (Flyball, 7S, EV 73.1 MPH)
|
|
Batting: SHB Jerry Burrows
|
0-0: Called Strike 0-1: Called Strike 0-2: Strikes out swinging
|
| Top of the 9th over - 0 runs, 0 hits, 0 errors, 0 left on base; Binghamton 1 - Dayton 3 |
|